General information
			
			
        
        - name: BNet
 
        - type: Ladder team game (AT/RT)
 
        - host: Battle.net
 
        - saver: B00merMast3r69
 
        
map: Dragonblight 
        - players: 6
 
        - length: 67:59
 
        - speed: Fast
 - version: 1.22 W3XP
 - replay type:  Public
 
» download(506 KB)
Players
        team 1 (loser) 
              
              
AnalniSmoke- (
orange | 134 APM | 9073 actions | 67:57)
              
 4 Death Knight 
 2 Death Coil
 2 Unholy Aura
 3 Lich 
 2 Frost Nova
 1 Frost Armor
 
                » actions 
                
                | Assign group hotkey | 62 |  | 
| Basic commands | 812 |  | 
| Build / train | 89 |  | 
| Enter build submenu | 23 |  | 
| Enter hero's abilities submenu | 7 |  | 
| Give item / drop item | 1 |  | 
| Right click | 2426 |  | 
| Select / deselect | 1199 |  | 
| Select group hotkey | 4322 |  | 
| Use ability | 132 |  | 
                9073 total
 » units 
                
                | Acolyte | 8 |  | 
| Ghoul | 4 |  | 
| Crypt Fiend | 14 |  | 
| Obsidian Statue | 5 |  | 
| Frost Wyrm | 19 |  | 
| Troll Batrider | 1 |  | 
                51 total
 » upgrades
                
                | Ghoul Frenzy | 1 |  | 
| Destroyer Form | 1 |  | 
| Web | 1 |  | 
| Creature Attack | 3 |  | 
| Freezing Breath | 1 |  | 
| Creature Carapace | 1 |  | 
                8 total
 » buildings
                
                | Crypt | 1 |  | 
| Graveyard | 1 |  | 
| Altar of Darkness | 1 |  | 
| Ziggurat | 9 |  | 
| Tomb of Relics | 1 |  | 
| Nerubian Tower | 3 |  | 
| Halls of the Dead | 2 |  | 
| Spirit Tower | 1 |  | 
| Black Citadel | 1 |  | 
| Slaughterhouse | 1 |  | 
| Sacrificial Pit | 1 |  | 
| Boneyard | 1 |  | 
                23 total
 » build order
                00:06 Crypt
00:10 Graveyard
00:40 Altar of Darkness
00:57 Ziggurat
01:32 Tomb of Relics
01:55 Nerubian Tower
01:55 Nerubian Tower
02:35 Ziggurat
04:12 Halls of the Dead
04:12 Halls of the Dead
04:50 Ziggurat
05:25 Spirit Tower
06:34 Black Citadel
07:00 Slaughterhouse
07:26 Sacrificial Pit
08:16 Ziggurat
08:49 Ziggurat
11:36 Boneyard
11:58 Ziggurat
14:26 Ziggurat
20:32 Ziggurat
22:09 Ziggurat
» items
                
                | Rod of Necromancy | 2 |  | 
| Dust of Appearance | 4 |  | 
| Orb of Corruption | 1 |  | 
| Potion of Healing | 1 |  | 
                8 total
  
               
              
              
ChmarnaKesica (
yellow | 67 APM | 4495 actions | 67:05)
              
 4 Blademaster 
 2 Wind Walk
 2 Critical Strike
 2 Shadow Hunter 
 1 Hex
 1 Healing Wave
 
                » actions 
                
                | Assign group hotkey | 95 |  | 
| Basic commands | 360 |  | 
| Build / train | 64 |  | 
| ESC pressed | 1 |  | 
| Enter build submenu | 19 |  | 
| Enter hero's abilities submenu | 6 |  | 
| Remove unit from queue | 4 |  | 
| Right click | 1496 |  | 
| Select / deselect | 749 |  | 
| Select group hotkey | 1597 |  | 
| Use ability | 104 |  | 
                4495 total
 » units 
                
                | Peon | 7 |  | 
| Grunt | 6 |  | 
| Shaman | 1 |  | 
| Troll Witch Doctor | 3 |  | 
| Wind Rider | 2 |  | 
| Troll Batrider | 13 |  | 
| Raider | 5 |  | 
                37 total
 » upgrades
                
                | Shaman Training | 2 |  | 
| Witch Doctor Training | 2 |  | 
| Ranged Weapons | 3 |  | 
| Berserker Strength | 0 |  | 
| Liquid Fire | 1 |  | 
| Armor | 1 |  | 
| Ensnare | 1 |  | 
                10 total
 » buildings
                
                | Altar of Storms | 1 |  | 
| Orc Burrow | 10 |  | 
| Barracks | 1 |  | 
| Voodoo Lounge | 2 |  | 
| Stronghold | 1 |  | 
| War Mill | 1 |  | 
| Spirit Lodge | 2 |  | 
| Fortress | 1 |  | 
| Beastiary | 2 |  | 
                21 total
 » build order
                00:08 Altar of Storms
00:22 Orc Burrow
00:36 Barracks
01:36 Orc Burrow
02:38 Voodoo Lounge
03:16 Stronghold
03:35 Voodoo Lounge
04:11 Orc Burrow
04:37 War Mill
05:47 Spirit Lodge
05:56 Spirit Lodge
07:26 Fortress
09:01 Beastiary
09:04 Beastiary
09:42 Orc Burrow
11:46 Orc Burrow
12:01 Orc Burrow
12:51 Orc Burrow
22:35 Orc Burrow
56:28 Orc Burrow
57:28 Orc Burrow
 
               
              
              
DASA. (
purple | 116 APM | 7873 actions | 67:54)
              
 4 Mountain King 
 2 Storm Bolt
 2 Bash
 4 Blood Mage 
 2 Flame Strike
 2 Banish
 
                » actions 
                
                | Assign group hotkey | 66 |  | 
| Basic commands | 247 |  | 
| Build / train | 165 |  | 
| ESC pressed | 2 |  | 
| Enter build submenu | 67 |  | 
| Enter hero's abilities submenu | 9 |  | 
| Right click | 2694 |  | 
| Select / deselect | 1174 |  | 
| Select group hotkey | 3274 |  | 
| Use ability | 175 |  | 
                7873 total
 » units 
                
                | Peasant | 45 |  | 
| Footman | 7 |  | 
| Priest | 11 |  | 
| Mortar Team | 15 |  | 
| Rifleman | 6 |  | 
| Sorceress | 5 |  | 
| Knight | 5 |  | 
| Spell Breaker | 3 |  | 
| Blue Dragon Whelp | 1 |  | 
| Blue Dragon | 1 |  | 
                99 total
 » upgrades
                
                | Priest Training | 2 |  | 
| Gunpowder | 3 |  | 
| Flare | 1 |  | 
| Sorceress Training | 2 |  | 
| Animal War Training | 1 |  | 
| Masonry | 3 |  | 
| Long Rifles | 1 |  | 
| Magic Sentry | 1 |  | 
| Armor | 1 |  | 
                15 total
 » buildings
                
                | Altar of Kings | 1 |  | 
| Barracks | 2 |  | 
| Farm | 11 |  | 
| Scout Tower | 32 |  | 
| Arcane Tower | 1 |  | 
| Arcane Vault | 1 |  | 
| Keep | 1 |  | 
| Lumber Mill | 1 |  | 
| Guard Tower | 27 |  | 
| Blacksmith | 1 |  | 
| Arcane Sanctum | 2 |  | 
| Workshop | 1 |  | 
| Town Hall | 3 |  | 
| Castle | 1 |  | 
                85 total
 » build order
                00:07 Altar of Kings
00:20 Barracks
00:34 Farm
00:51 Farm
01:26 Scout Tower
01:52 Farm
01:55 Arcane Tower
02:36 Arcane Vault
03:43 Keep
03:59 Lumber Mill
04:38 Scout Tower
04:47 Farm
05:22 Guard Tower
05:37 Blacksmith
06:37 Arcane Sanctum
07:05 Workshop
08:52 Farm
09:03 Farm
09:29 Farm
09:48 Farm
10:34 Farm
11:37 Town Hall
13:13 Farm
15:51 Scout Tower
16:23 Guard Tower
20:55 Town Hall
23:01 Castle
23:03 Barracks
24:55 Arcane Sanctum
26:51 Scout Tower
27:27 Scout Tower
27:42 Scout Tower
27:43 Guard Tower
28:06 Guard Tower
28:08 Scout Tower
28:30 Guard Tower
28:34 Scout Tower
28:51 Guard Tower
28:55 Scout Tower
29:12 Guard Tower
29:43 Farm
34:08 Scout Tower
34:11 Scout Tower
34:25 Scout Tower
34:37 Guard Tower
34:39 Guard Tower
34:52 Scout Tower
34:53 Guard Tower
35:33 Scout Tower
35:37 Guard Tower
35:39 Scout Tower
35:56 Scout Tower
36:03 Guard Tower
36:07 Scout Tower
36:10 Scout Tower
36:16 Guard Tower
36:18 Scout Tower
36:29 Guard Tower
36:33 Scout Tower
36:39 Guard Tower
36:42 Scout Tower
36:48 Guard Tower
36:49 Scout Tower
36:54 Scout Tower
36:55 Guard Tower
37:03 Guard Tower
37:06 Scout Tower
37:10 Guard Tower
37:12 Scout Tower
37:17 Guard Tower
37:18 Scout Tower
37:24 Guard Tower
37:27 Scout Tower
37:53 Guard Tower
38:02 Guard Tower
38:04 Scout Tower
38:14 Guard Tower
38:58 Guard Tower
39:17 Town Hall
40:50 Scout Tower
40:51 Scout Tower
41:35 Guard Tower
41:37 Scout Tower
42:05 Scout Tower
43:58 Guard Tower
» items
                
                | Lesser Clarity Potion | 3 |  | 
| Scroll of Regeneration | 2 |  | 
| Potion of Healing | 1 |  | 
| Scroll of Protection | 1 |  | 
| Potion of Lesser Invulnerability | 1 |  | 
                8 total
  
               team 2 (winner) 
              
              
B00merMast3r69 (
red | 73 APM | 4941 actions | 67:59)
              
 5 Archmage 
 3 Blizzard
 2 Brilliance Aura
 3 Blood Mage 
 2 Flame Strike
 1 Banish
 
                » actions 
                
                | Assign group hotkey | 21 |  | 
| Basic commands | 56 |  | 
| Build / train | 138 |  | 
| ESC pressed | 3 |  | 
| Enter build submenu | 119 |  | 
| Enter hero's abilities submenu | 8 |  | 
| Give item / drop item | 4 |  | 
| Right click | 2255 |  | 
| Select / deselect | 461 |  | 
| Select group hotkey | 1430 |  | 
| Use ability | 446 |  | 
                4941 total
 » units 
                
                | Peasant | 16 |  | 
| Dragonhawk Rider | 7 |  | 
| Goblin Zeppelin | 4 |  | 
| Priest | 2 |  | 
                29 total
 » upgrades
                
                | Masonry | 3 |  | 
| Lumber Harvesting | 1 |  | 
| Magic Sentry | 1 |  | 
| Cloud | 1 |  | 
| Armor | 2 |  | 
| Swords | 1 |  | 
| Animal War Training | 1 |  | 
| Priest Training | 2 |  | 
                12 total
 » buildings
                
                | Lumber Mill | 1 |  | 
| Altar of Kings | 1 |  | 
| Farm | 7 |  | 
| Scout Tower | 181 |  | 
| Arcane Tower | 5 |  | 
| Guard Tower | 67 |  | 
| Town Hall | 3 |  | 
| Keep | 1 |  | 
| Arcane Sanctum | 1 |  | 
| Castle | 1 |  | 
| Arcane Vault | 3 |  | 
| Gryphon Aviary | 2 |  | 
| Blacksmith | 1 |  | 
| Barracks | 1 |  | 
                275 total
 » build order
                00:20 Lumber Mill
00:35 Altar of Kings
00:39 Farm
01:00 Scout Tower
01:01 Scout Tower
01:26 Scout Tower
01:30 Arcane Tower
01:44 Guard Tower
01:46 Scout Tower
01:56 Arcane Tower
02:08 Scout Tower
02:19 Farm
02:26 Scout Tower
02:26 Scout Tower
02:27 Guard Tower
02:29 Scout Tower
02:44 Guard Tower
02:45 Scout Tower
02:54 Guard Tower
02:57 Scout Tower
02:58 Guard Tower
03:00 Scout Tower
03:07 Scout Tower
03:08 Scout Tower
03:25 Guard Tower
03:27 Guard Tower
03:29 Scout Tower
03:30 Scout Tower
03:31 Scout Tower
03:31 Scout Tower
04:04 Guard Tower
04:05 Scout Tower
04:07 Scout Tower
04:14 Guard Tower
04:15 Scout Tower
04:15 Scout Tower
04:29 Scout Tower
04:29 Scout Tower
04:36 Guard Tower
04:42 Guard Tower
04:44 Scout Tower
04:45 Scout Tower
04:47 Scout Tower
04:48 Scout Tower
05:03 Guard Tower
05:18 Guard Tower
05:31 Guard Tower
05:36 Scout Tower
05:36 Scout Tower
05:51 Guard Tower
05:53 Scout Tower
05:55 Scout Tower
06:04 Scout Tower
06:10 Guard Tower
06:23 Scout Tower
06:23 Scout Tower
06:26 Guard Tower
06:26 Guard Tower
07:25 Town Hall
07:27 Keep
07:28 Arcane Tower
07:30 Scout Tower
07:40 Scout Tower
07:41 Scout Tower
07:42 Scout Tower
07:43 Scout Tower
07:44 Scout Tower
07:47 Scout Tower
07:49 Scout Tower
07:51 Scout Tower
07:51 Scout Tower
07:52 Scout Tower
07:54 Guard Tower
08:05 Scout Tower
08:38 Guard Tower
08:39 Scout Tower
09:02 Guard Tower
09:05 Guard Tower
09:07 Guard Tower
09:11 Guard Tower
09:14 Scout Tower
09:45 Guard Tower
09:49 Scout Tower
09:50 Scout Tower
09:50 Scout Tower
09:54 Scout Tower
09:55 Scout Tower
09:55 Scout Tower
09:56 Scout Tower
10:26 Guard Tower
10:28 Scout Tower
10:30 Scout Tower
10:31 Scout Tower
10:43 Arcane Sanctum
10:53 Scout Tower
10:54 Scout Tower
10:55 Scout Tower
10:55 Scout Tower
11:02 Guard Tower
11:05 Guard Tower
11:14 Scout Tower
11:15 Scout Tower
11:15 Scout Tower
11:16 Scout Tower
11:16 Scout Tower
11:17 Scout Tower
11:17 Scout Tower
11:18 Scout Tower
11:20 Scout Tower
11:20 Scout Tower
11:21 Scout Tower
11:22 Scout Tower
11:24 Guard Tower
11:27 Scout Tower
11:28 Scout Tower
11:28 Scout Tower
11:29 Scout Tower
11:32 Scout Tower
11:33 Scout Tower
11:33 Scout Tower
11:38 Guard Tower
11:40 Castle
12:00 Guard Tower
12:10 Guard Tower
12:13 Arcane Vault
12:21 Guard Tower
12:39 Guard Tower
13:03 Guard Tower
13:19 Guard Tower
13:24 Guard Tower
13:29 Scout Tower
13:29 Scout Tower
13:32 Guard Tower
13:42 Guard Tower
13:46 Scout Tower
13:47 Scout Tower
13:48 Scout Tower
13:49 Scout Tower
13:50 Scout Tower
13:50 Scout Tower
13:52 Scout Tower
13:53 Scout Tower
13:54 Scout Tower
13:56 Scout Tower
14:14 Arcane Vault
15:04 Guard Tower
15:05 Scout Tower
15:06 Scout Tower
15:08 Scout Tower
15:16 Guard Tower
15:19 Arcane Vault
15:27 Gryphon Aviary
15:29 Farm
15:30 Farm
15:31 Farm
15:32 Farm
16:22 Scout Tower
16:22 Scout Tower
16:23 Scout Tower
16:24 Scout Tower
16:30 Guard Tower
16:50 Guard Tower
16:57 Gryphon Aviary
17:00 Blacksmith
17:02 Barracks
18:17 Guard Tower
18:38 Guard Tower
19:05 Town Hall
19:40 Scout Tower
19:40 Scout Tower
19:41 Scout Tower
19:41 Scout Tower
19:59 Scout Tower
20:14 Farm
20:49 Guard Tower
26:27 Scout Tower
26:28 Scout Tower
26:28 Scout Tower
26:29 Scout Tower
26:31 Scout Tower
26:32 Scout Tower
26:37 Scout Tower
26:37 Scout Tower
26:38 Scout Tower
26:40 Scout Tower
27:12 Guard Tower
27:32 Guard Tower
28:10 Guard Tower
28:36 Guard Tower
28:41 Scout Tower
28:42 Scout Tower
28:44 Scout Tower
28:46 Scout Tower
28:52 Scout Tower
29:13 Guard Tower
29:24 Guard Tower
29:32 Guard Tower
29:58 Scout Tower
29:58 Scout Tower
29:59 Scout Tower
30:01 Scout Tower
30:02 Scout Tower
30:03 Scout Tower
30:04 Scout Tower
30:05 Scout Tower
30:24 Scout Tower
30:25 Scout Tower
30:25 Scout Tower
30:27 Scout Tower
30:28 Scout Tower
30:30 Scout Tower
30:30 Scout Tower
30:31 Scout Tower
30:31 Scout Tower
30:33 Scout Tower
30:34 Scout Tower
30:34 Scout Tower
30:36 Scout Tower
30:47 Guard Tower
30:57 Guard Tower
31:30 Guard Tower
31:41 Guard Tower
31:58 Guard Tower
32:03 Guard Tower
32:06 Scout Tower
32:09 Scout Tower
32:09 Scout Tower
32:11 Scout Tower
32:11 Scout Tower
32:12 Scout Tower
32:12 Scout Tower
32:15 Guard Tower
32:18 Scout Tower
32:19 Scout Tower
32:20 Scout Tower
32:21 Scout Tower
32:22 Scout Tower
32:29 Guard Tower
32:39 Town Hall
32:44 Scout Tower
32:45 Scout Tower
32:47 Scout Tower
32:48 Scout Tower
32:48 Scout Tower
32:50 Scout Tower
32:53 Scout Tower
32:53 Scout Tower
32:54 Scout Tower
32:55 Scout Tower
32:56 Scout Tower
32:57 Scout Tower
32:57 Scout Tower
32:58 Scout Tower
32:59 Scout Tower
33:00 Scout Tower
33:02 Scout Tower
33:02 Scout Tower
33:39 Guard Tower
33:51 Guard Tower
33:57 Guard Tower
34:08 Guard Tower
34:57 Guard Tower
35:24 Scout Tower
35:26 Scout Tower
35:27 Scout Tower
35:29 Scout Tower
35:30 Scout Tower
35:31 Scout Tower
35:32 Scout Tower
35:34 Scout Tower
35:35 Scout Tower
35:35 Scout Tower
35:50 Guard Tower
36:27 Arcane Tower
38:15 Arcane Tower
» items
                
                | Boots of Speed | 5 |  | 
| Staff of Teleportation | 2 |  | 
| Potion of Invisibility | 1 |  | 
| Orb of Lightning | 2 |  | 
| Staff of Sanctuary | 2 |  | 
| Potion of Mana | 1 |  | 
                13 total
  
               
              
              
ShootMeIGoBoom (
green | 80 APM | 5427 actions | 67:58)
              
 10 Blademaster 
 3 Wind Walk
 3 Critical Strike
 1 Bladestorm
 3 Mirror Image
 
                » actions 
                
                | Assign group hotkey | 655 |  | 
| Basic commands | 8 |  | 
| Build / train | 94 |  | 
| Enter build submenu | 75 |  | 
| Enter hero's abilities submenu | 10 |  | 
| Give item / drop item | 21 |  | 
| Remove unit from queue | 5 |  | 
| Right click | 3267 |  | 
| Select / deselect | 610 |  | 
| Select group hotkey | 269 |  | 
| Use ability | 412 |  | 
                5427 total
 » units 
                
                | Peon | 14 |  | 
| Troll Batrider | 19 |  | 
| Shaman | 2 |  | 
| Goblin Zeppelin | 2 |  | 
| Troll Witch Doctor | 2 |  | 
                39 total
 » upgrades
                
                | Spiked Barricades | 1 |  | 
| Liquid Fire | 1 |  | 
| Reinforced Defenses | 1 |  | 
| Ranged Weapons | 2 |  | 
| Armor | 2 |  | 
| Shaman Training | 2 |  | 
| Witch Doctor Training | 2 |  | 
                11 total
 » buildings
                
                | Altar of Storms | 2 |  | 
| Orc Burrow | 4 |  | 
| War Mill | 1 |  | 
| Watch Tower | 57 |  | 
| Stronghold | 4 |  | 
| Voodoo Lounge | 2 |  | 
| Fortress | 3 |  | 
| Beastiary | 2 |  | 
| Great Hall | 2 |  | 
| Spirit Lodge | 1 |  | 
                78 total
 » build order
                00:02 Altar of Storms
00:02 Altar of Storms
00:17 Orc Burrow
01:01 War Mill
02:15 Watch Tower
02:41 Watch Tower
03:24 Watch Tower
04:06 Watch Tower
04:08 Orc Burrow
04:29 Watch Tower
04:32 Stronghold
04:32 Stronghold
04:33 Stronghold
04:53 Watch Tower
04:58 Watch Tower
05:34 Voodoo Lounge
05:45 Watch Tower
05:48 Watch Tower
06:37 Orc Burrow
07:07 Watch Tower
07:09 Watch Tower
07:11 Fortress
07:11 Fortress
07:13 Beastiary
07:57 Beastiary
08:50 Watch Tower
08:51 Watch Tower
09:36 Orc Burrow
10:34 Watch Tower
10:35 Watch Tower
11:31 Watch Tower
11:32 Watch Tower
12:20 Watch Tower
12:21 Watch Tower
13:33 Watch Tower
13:34 Watch Tower
13:35 Watch Tower
14:13 Voodoo Lounge
14:16 Watch Tower
15:08 Watch Tower
15:08 Watch Tower
15:52 Watch Tower
15:53 Watch Tower
17:04 Watch Tower
17:05 Watch Tower
18:48 Great Hall
18:54 Watch Tower
18:55 Watch Tower
19:02 Watch Tower
19:05 Watch Tower
19:05 Watch Tower
19:09 Watch Tower
19:11 Watch Tower
20:19 Watch Tower
20:20 Watch Tower
20:21 Watch Tower
20:22 Watch Tower
20:27 Watch Tower
20:28 Watch Tower
20:30 Watch Tower
22:12 Watch Tower
22:13 Watch Tower
22:14 Watch Tower
22:24 Spirit Lodge
30:13 Watch Tower
30:14 Watch Tower
30:15 Watch Tower
30:16 Watch Tower
30:21 Great Hall
31:40 Watch Tower
31:40 Watch Tower
31:41 Watch Tower
31:42 Watch Tower
31:58 Watch Tower
31:59 Watch Tower
32:00 Watch Tower
» items
                
                | Staff of Teleportation | 2 |  | 
| Circlet of Nobility | 2 |  | 
| Healing Salve | 2 |  | 
| Lesser Clarity Potion | 1 |  | 
| Scroll of Speed | 1 |  | 
| Orb of Lightning | 2 |  | 
| Potion of Lesser Invulnerability | 1 |  | 
| Scroll of Town Portal | 4 |  | 
                15 total
  
               
              
              
TheDoubleStuff (
pink | 70 APM | 4741 actions | 67:58)
              
 6 Keeper of the Grove 
 3 Entangling Roots
 2 Force of Nature
 1 Tranquility
 4 Naga Sea Witch 
 2 Frost Arrows
 2 Mana Shield
 
                » actions 
                
                | Assign group hotkey | 17 |  | 
| Basic commands | 182 |  | 
| Build / train | 74 |  | 
| ESC pressed | 5 |  | 
| Enter build submenu | 14 |  | 
| Enter hero's abilities submenu | 10 |  | 
| Give item / drop item | 2 |  | 
| Right click | 2559 |  | 
| Select / deselect | 817 |  | 
| Select group hotkey | 846 |  | 
| Use ability | 212 |  | 
                4741 total
 » units 
                
                | Wisp | 33 |  | 
| Blue Dragon | 8 |  | 
| Goblin Zeppelin | 1 |  | 
                42 total
 » upgrades
                
                | Nature's Blessing | 1 |  | 
| Well Spring | 1 |  | 
| Ultravision | 1 |  | 
                3 total
 » buildings
                
                | Altar of Elders | 1 |  | 
| Moon Well | 13 |  | 
| Ancient of Wonders | 1 |  | 
| Tree of Ages | 1 |  | 
| Tree of Life | 1 |  | 
| Tree of Eternity | 1 |  | 
| Hunter's Hall | 1 |  | 
                19 total
 » build order
                00:04 Altar of Elders
00:07 Moon Well
00:59 Moon Well
04:01 Moon Well
04:37 Ancient of Wonders
05:21 Tree of Ages
05:46 Moon Well
07:33 Moon Well
08:34 Moon Well
08:36 Moon Well
08:37 Moon Well
08:55 Tree of Life
13:19 Tree of Eternity
14:22 Moon Well
14:33 Hunter's Hall
18:05 Moon Well
18:06 Moon Well
20:22 Moon Well
21:29 Moon Well
» items
                
                | Boots of Speed | 2 |  | 
| Staff of Teleportation | 2 |  | 
| Circlet of Nobility | 2 |  | 
| Orb of Venom | 1 |  | 
| Lesser Clarity Potion | 1 |  | 
| Periapt of Vitality | 1 |  | 
| Scroll of Town Portal | 3 |  | 
| Staff of Sanctuary | 2 |  | 
                14 total
  
                Chat log
          
(01:44 / All) TheDoubleStuff: ~*~Fight With Honor And Have Excellent Manner~*~
(02:01 / All) ChmarnaKesica: wow
(02:02 / All) AnalniSmoke-: u read that somewhere?
(02:12 / All) TheDoubleStuff: just wishing you guys a good game?
(02:13 / All) ChmarnaKesica: u've read
(02:22 / All) DASA.: gg
(02:22 / All) AnalniSmoke-: tnx jewish
(02:42 / All) ChmarnaKesica: ajde bre
(03:03 / All) ChmarnaKesica: gde ti je herojh
(03:09 / All) ChmarnaKesica: ajmo na njih
(03:30 / All) TheDoubleStuff: hope you didnt need those 2 footies
(03:56 / All) ChmarnaKesica: oni nas karaju
(03:57 / All) ChmarnaKesica: o5
(05:21 / All) AnalniSmoke-: boots
(05:40 / All) ChmarnaKesica: pobedice na sdebili
(06:00 / All) ChmarnaKesica: creepp
(06:15 / All) ChmarnaKesica: ptice
(06:16 / All) ChmarnaKesica: !!!
(06:18 / All) ChmarnaKesica: obavezno
(06:20 / All) ChmarnaKesica: stiko
(06:25 / All) ChmarnaKesica: stiko
(07:31 / All) ChmarnaKesica: ptice sto hvataju stiko
(07:36 / All) ChmarnaKesica: i eksp odmah svi
(07:49 / All) ChmarnaKesica: da ih bijemo sa vojskama
(09:15 / All) ChmarnaKesica: eksp mi treba
(11:34 / All) ChmarnaKesica: stiko pravi
(11:37 / All) ChmarnaKesica: i shalji pare
(11:51 / All) TheDoubleStuff: ~*~Fight With Honor And Have Excellent Manner~*~
(12:37 / All) ChmarnaKesica: ajde ovde eksp
(13:20 / All) ChmarnaKesica: neeee
(13:49 / All) ChmarnaKesica: iam doce i shamane na master
(16:18 / All) ChmarnaKesica: neeeeeeeeeeeeeeeeeeeeee
(19:35 / All) ChmarnaKesica: cepelin
(21:14 / All) ChmarnaKesica: hahahahahahahaaaaaaaaaaaa
(21:17 / All) ChmarnaKesica: kako nas karaju
(21:19 / All) ChmarnaKesica: brateeeeeeeee
(21:22 / All) TheDoubleStuff: manner up?
(21:29 / All) AnalniSmoke-: shhh newbs
(21:36 / All) TheDoubleStuff: scoreboard
(26:30 / All) ChmarnaKesica: hex
(26:36 / All) ChmarnaKesica: imam ali me nepustite da bacim
(26:52 / All) TheDoubleStuff: THE GREAT OUTDOORS
(27:22 / All) TheDoubleStuff: your flight just got delayed
(27:24 / All) TheDoubleStuff: permanently
(27:30 / All) ChmarnaKesica: o moj boze
(27:34 / All) ChmarnaKesica: ovo mi se nije desilo u zivotu
(27:59 / All) ChmarnaKesica: hehehehhehehehehe
(28:01 / All) ChmarnaKesica: hehheheheheheheh
(28:04 / All) ChmarnaKesica: ehheheheehehehehehe
(28:06 / All) ChmarnaKesica: xaxaxaaxaxaxaxax
(28:08 / All) ChmarnaKesica: xaxaaxxxxxxxxxxxxxxxx
(28:10 / All) TheDoubleStuff: you can leave now
(28:20 / All) ShootMeIGoBoom: ur owned i say
(28:22 / All) ShootMeIGoBoom: i know u say
(28:25 / All) AnalniSmoke-: shhh newbs
(28:37 / All) TheDoubleStuff: its ok
(28:39 / All) TheDoubleStuff: the game is over
(28:44 / All) AnalniSmoke-: learn to play then go play on bnet tards
(28:53 / All) TheDoubleStuff: you can go ahead and leave
(28:54 / All) ShootMeIGoBoom: but.. you have lost... ? :3
(28:56 / All) AnalniSmoke-: tower newbs
(28:58 / All) TheDoubleStuff: you just got the double stuff
(29:01 / All) ShootMeIGoBoom: you lose..
(29:01 / All) B00merMast3r69: huh we winning
(29:05 / All) ShootMeIGoBoom: good game.. try again please
(29:07 / All) B00merMast3r69: looka likea we knowa how to play
(29:10 / All) AnalniSmoke-: y lose because dont belive newbs like u 3 play on bnet
(29:17 / All) TheDoubleStuff: what?
(29:20 / All) ShootMeIGoBoom: uhm.. why are we noobs if we beat you
(29:22 / All) ShootMeIGoBoom: speak english please
(29:23 / All) AnalniSmoke-: <3 east and west newbs
(29:30 / All) ShootMeIGoBoom: 1v1 scrub?
(29:32 / All) TheDoubleStuff: i liked you guys better when you typed in afrikaans
(29:48 / All) AnalniSmoke-: ur mom knowe better
(29:49 / All) AnalniSmoke-: ask her
(29:52 / All) TheDoubleStuff: manner up and leave please
(29:58 / All) TheDoubleStuff: wasting my time
(30:05 / All) TheDoubleStuff: no talent no skill no chance no hope no re
(30:16 / All) AnalniSmoke-: yap u right
(30:19 / All) AnalniSmoke-: now leave
(30:26 / All) TheDoubleStuff: bow
(30:34 / All) ShootMeIGoBoom: why would we leave.. u lose
(30:35 / Allies) ShootMeIGoBoom: '
(30:38 / All) ShootMeIGoBoom: and also.. you are terrible
(30:50 / All) AnalniSmoke-: we dont losse
(30:51 / All) AnalniSmoke-: still
(31:02 / All) TheDoubleStuff: this game is over like donkey kong
(33:43 / All) TheDoubleStuff: good use of tp
(33:55 / All) TheDoubleStuff: 350 gold for 3 treants i'd say you guys are not only wc3 pros but also economics wizzes
(34:02 / All) TheDoubleStuff: like im about to wiz on your chest
(34:16 / All) TheDoubleStuff: bit warm you say?
(34:19 / All) TheDoubleStuff: i know you say
(34:28 / Allies) B00merMast3r69: it warm i say
(34:30 / Allies) B00merMast3r69: i know u say
(35:27 / All) TheDoubleStuff: LEFT
(35:28 / All) TheDoubleStuff: 4 
(35:29 / All) TheDoubleStuff: DEAD
(38:07 / All) ShootMeIGoBoom: if i said u had a hot body would u hold it against me? ^^
(39:21 / All) B00merMast3r69: * a voice whisper in ur ears* "it warm i say." "i know" u say.
(39:49 / All) B00merMast3r69: slowly i turn around and gtaze in ur eyes and all u know for that brief moment is LOVE and LUST
(40:16 / All) B00merMast3r69: and then u ask me to kiss u so i ask u but first its real nice and neat but then i get sloppy and wet mmmm my tongue thrashes 
(40:19 / All) B00merMast3r69: against urs......
(40:32 / All) ShootMeIGoBoom: i explode in ur mouth but u dont swallow... i get up and jus start kissin u like crazy*
(40:36 / All) B00merMast3r69: u smile as i stare u in the eyes. then i wink and knowingly u nod ur head.
(41:02 / All) B00merMast3r69: my hand goes to ur chest, i rub ur pecs. then i lift up your t shirt and gently caress u. and then i nibble on your HUGE nipple
(41:09 / All) B00merMast3r69: then u cant take it so ur squirming so mjuch
(41:25 / All) B00merMast3r69: and my hand slips to ur crotch area and then u gasp and i grin 
(41:46 / All) B00merMast3r69: ~to be finished shortly~
(45:04 / All) TheDoubleStuff: seriously
(45:10 / All) TheDoubleStuff: you lost this game like hours ago
(45:15 / All) ShootMeIGoBoom: it kindeof funny
(45:37 / All) DASA.: now I know why ppl say that Americans are retarded
(45:49 / All) ShootMeIGoBoom: we not america.. we korea
(46:05 / All) ChmarnaKesica: we are not from America
(46:21 / All) B00merMast3r69: nah u from shitville, USA
(46:23 / All) TheDoubleStuff: you can apply for naturalization but this country is already full of noobs
(46:24 / All) ChmarnaKesica: Europe but we didn't se playing like this but its too smart
(46:36 / All) B00merMast3r69: donde eres
(46:37 / All) ChmarnaKesica: i can tell u truthfully
(46:46 / All) TheDoubleStuff: if you're trying to be all buddy buddy larry bird you missed the chance
(46:51 / All) B00merMast3r69: my dick swell in ur mouth as i release 
(46:55 / All) B00merMast3r69: it warm u say, i know i say
(47:01 / All) DASA.: do u think that we read all u wright?
(47:12 / All) B00merMast3r69: wright bros make airplanes./
(47:28 / All) ChmarnaKesica: unapredi
(47:29 / All) ChmarnaKesica: ono
(48:07 / All) ChmarnaKesica: lol
(48:09 / All) AnalniSmoke-: wtf
(48:10 / All) AnalniSmoke-: ?
(48:16 / All) B00merMast3r69: you guys are fuckin bad
(48:21 / All) TheDoubleStuff: peep and sweep
(48:31 / All) B00merMast3r69: did you see that sweet maneuver.
(48:44 / All) B00merMast3r69: ~*Welcome 2 Azeroth Bitch*~
(49:27 / All) B00merMast3r69: "we have to kill hitler"    tom cruise
(51:14 / All) TheDoubleStuff: how many units have you lost to tangle now
(51:16 / All) TheDoubleStuff: like 30
(51:26 / All) B00merMast3r69: yellow are U shitting URself.
(51:33 / All) B00merMast3r69: at my mike rowe
(51:34 / All) ShootMeIGoBoom: lolo oj.. u gut played~
(51:41 / All) B00merMast3r69: host of dirty jobs.
(60:32 / All) ShootMeIGoBoom: wow you guys are so bad
(60:36 / All) ShootMeIGoBoom: that's an image
(60:38 / All) ShootMeIGoBoom: You stupid noob.
(60:51 / All) AnalniSmoke-: cmon newbs
(60:55 / All) AnalniSmoke-: we wait u
(60:57 / All) AnalniSmoke-: on middle
(60:58 / All) B00merMast3r69: hugh
(61:01 / All) ShootMeIGoBoom: OK.
(61:04 / All) TheDoubleStuff: ok
(61:08 / All) B00merMast3r69: wait let me spend my 17k hold on.
(61:17 / All) AnalniSmoke-: k we wait
(61:24 / All) B00merMast3r69: i have £17.000 u stupid rube
(61:26 / All) ShootMeIGoBoom: WOW u guys are bad
(61:31 / All) AnalniSmoke-: k we wait
(61:32 / All) AnalniSmoke-: tard
(62:42 / All) ShootMeIGoBoom: i am in middle..
(63:38 / All) ShootMeIGoBoom: rofl... *bonks u on da head with his viola da gamba*
(64:27 / All) DASA.: worst of all, koreans are ugliest ppl in the world :)
(66:09 / All) B00merMast3r69: peace u later
(67:09 / All) ShootMeIGoBoom: ROFL
(67:13 / All) ShootMeIGoBoom: QUIT NOOBS
(67:15 / All) ShootMeIGoBoom: G _ G 
(67:20 / All) ShootMeIGoBoom: KOREA > EUROPE
(67:44 / All) ShootMeIGoBoom: u all turn gay now
(67:58 / All) ShootMeIGoBoom: rofl?